 Dungeon Crawl Stone Soup version 0.21.1-74-g47da925 (webtiles) character file.

778 Madoushi the Cleaver (level 7, -8/61 HPs)
             Began as a Minotaur Berserker on Aug 7, 2018.
             Was a Priest of Trog.
             Killed by divine providence
             ... invoked by an orc priest
              (14 damage)
             ... on level 4 of the Dungeon.
             The game lasted 00:06:24 (4247 turns).

Madoushi the Cleaver (Minotaur Berserker)           Turns: 4247, Time: 00:06:25

Health: -8/61      AC:  6    Str: 24    XL:     7   Next: 54%
Magic:  6/6        EV: 12    Int:  4    God:    Trog [***...]
Gold:   286        SH:  3    Dex:  9    Spells: 6/6 levels left

rFire    . . .     SeeInvis .   a - +0 hand axe
rCold    . . .     Gourm    .   v - +0 buckler
rNeg     . . .     Faith    .   t - +0 ring mail
rPois    .         Spirit   .   (helmet restricted)
rElec    .         Reflect  .   (no cloak)
rCorr    .         Harm     .   (no gloves)
MR       .....                  (no boots)
Stlth    +.........             (no amulet)
HPRegen  0.20/turn              (no ring)
MPRegen  0.10/turn              (no ring)

@: berserk cooldown
A: retaliatory headbutt, horns 2
a: Berserk, Trog's Hand, Burn Spellbooks, Renounce Religion


You were on level 4 of the Dungeon.
You worshipped Trog.
Trog was most pleased with you.
You were not hungry.

You visited 1 branch of the dungeon, and saw 4 of its levels.

You collected 286 gold pieces.

Inventory:

Hand Weapons
 a - a +0 hand axe (weapon)
Armour
 b - a +0 animal skin
 i - a +0 leather armour
 m - a +0 plate armour
 t - a +0 ring mail (worn)
 v - a +0 buckler (worn)
Wands
 x - a wand of disintegration (6)
Scrolls
 d - 2 scrolls of remove curse {unknown}
 e - a scroll of magic mapping {unknown}
 f - 2 scrolls of amnesia {unknown}
 h - a scroll of fear {unknown}
 j - 3 scrolls of identify {unknown}
 l - a scroll of immolation {unknown}
 n - 2 scrolls of teleportation {unknown}
 s - a scroll of random uselessness {unknown}
Potions
 g - a potion of invisibility {unknown}
 k - 3 potions of might {unknown}
 o - 2 potions of cancellation {unknown}
 p - 2 potions of mutation {unknown}
 q - a potion of ambrosia {unknown}
 r - a potion of berserk rage {unknown}
 u - a potion of heal wounds {unknown}
 w - a potion of lignification {unknown}
Comestibles
 c - 7 rations
 z - a chunk of flesh


   Skills:
 + Level 5.0 Fighting
 * Level 8.1 Axes
 + Level 4.8 Armour
 + Level 4.1 Dodging
 + Level 1.2 Stealth
 + Level 0.3 Shields


You had 6 spell levels left.
You didn't know any spells.

Dungeon Overview and Level Annotations

Branches:
Dungeon (4/15)
 Temple: D:4-7

Altars:
Cheibriados
Trog

Shops:
D:4 !


Innate Abilities, Weirdness & Mutations

You reflexively headbutt those who attack you in melee.
You have a pair of horns on your head.


Message History

Beogh smites you!
* * * LOW HITPOINT WARNING * * *
The orc priest casts a cantrip, but nothing happens.
You hit the orc priest.
The orc priest is lightly wounded.
The orc priest hits you but does no damage.
You closely miss the orc priest. You headbutt the orc priest!
The orc priest is severely wounded.
You feel yourself speed up. The orc priest hits you with a flail!
* * * LOW HITPOINT WARNING * * *
You hit the orc priest. Your headbutt misses the orc priest.
The orc priest is severely wounded.
The orc priest barely misses you. You furiously retaliate!
You headbutt the orc priest. You barely miss the orc priest.
The orc priest is almost dead.
The orc priest mumbles some strange prayers to Beogh against you.
Beogh smites you!
You die...

#.##.....## #.##.##.#
#.#.......## #.......#
##..........####....####
........<...+...........
##..........####......##
##.#.......## ##.....#
...........# #.....#
###.##.o.#.# #.....# #.
##@##.# #.....#
####.###[##.# ###.###
.........# .# #.#
###.##..## # #.
#.##)..#.# #. #.#......#
#........# ####........
#########


You could see an orc priest.

Vanquished Creatures
  Sigmund (D:4)
  Menkaure (D:4)
  Duvessa (D:4)
  A centaur (D:3)
  Dowan (D:4)
  An orc priest (D:3)
  A centaur skeleton (D:3)
  Jessica (D:3)
  Natasha (twice) (D:3)
  4 gnolls (D:2)
  2 adders (D:2)
  2 adder zombies (D:1)
  2 worms
  2 dart slugs (D:1)
  6 orcs
  13 bats
  3 giant cockroaches
  3 goblins
  2 hobgoblins
  4 jackals
  A quokka (D:3)
  2 ball pythons (D:2)
  3 frilled lizards
  6 kobolds
  4 rats
69 creatures vanquished.

Notes
Turn   | Place    | Note
-------+----------+-------------------------------------------
     0 | D:1      | Madoushi the Minotaur Berserker began the quest for the Orb.
     0 | D:1      | Reached XP level 1. HP: 19/19 MP: 0/0
    93 | D:1      | Reached XP level 2. HP: 25/27 MP: 1/1
   279 | D:1      | Reached skill level 4 in Axes
   622 | D:1      | Reached XP level 3. HP: 31/33 MP: 2/2
   775 | D:1      | Reached ** piety under Trog
  1965 | D:2      | Reached XP level 4. HP: 40/40 MP: 3/3
  1971 | D:2      | Reached skill level 5 in Axes
  2592 | D:3      | Noticed a centaur
  2602 | D:3      | Killed a centaur
  2602 | D:3      | Reached XP level 5. HP: 28/46 MP: 4/4
  2720 | D:3      | Reached skill level 6 in Axes
  2720 | D:3      | Reached skill level 1 in Stealth
  2932 | D:3      | Noticed Jessica
  2937 | D:3      | Killed Jessica
  2937 | D:3      | Reached XP level 6. HP: 43/53 MP: 5/5
  3170 | D:3      | Noticed Natasha
  3172 | D:3      | Killed Natasha
  3259 | D:3      | Found a bloodstained altar of Trog.
  3269 | D:3      | Found a snail-covered altar of Cheibriados.
  3442 | D:3      | Noticed Natasha
  3450 | D:3      | Killed Natasha
  3450 | D:3      | Reached *** piety under Trog
  3556 | D:4      | Noticed Menkaure
  3562 | D:4      | HP: 2/53 [Menkaure (14)]
  3566 | D:4      | Killed Menkaure
  3566 | D:4      | Reached skill level 7 in Axes
  3884 | D:4      | Found Qobrul's Distillery.
  3955 | D:4      | Noticed Dowan
  3957 | D:4      | Noticed Duvessa
  3961 | D:4      | Killed Dowan
  3961 | D:4      | Reached XP level 7. HP: 60/60 MP: 6/6
  3973 | D:4      | Killed Duvessa
  4211 | D:4      | Noticed Sigmund
  4219 | D:4      | Killed Sigmund
  4219 | D:4      | Reached skill level 5 in Fighting
  4219 | D:4      | Reached skill level 8 in Axes
  4247 | D:4      | Killed from afar by an orc priest

Skill      XL: |  1  2  3  4  5  6  7 |
---------------+----------------------+-----
Axes           | 4 5 6 7 8 |  8.1
Fighting       | 4 5 |  5.0
Dodging        | 3 4 |  4.1
Armour         | 3 4 |  4.8
Stealth        | 1 |  1.2
Shields        | |  0.3

Action                   |  1- 3 |  4- 6 |  7- 9 || total
-------------------------+-------+-------+-------++-------
Melee: Hand axe          |    70 |    86 |    21 ||   177
       Headbutt          |     7 |    13 |     3 ||    23
Invok: Berserk           |     1 |       |     2 ||     3
  Eat: Ration            |     1 |     1 |       ||     2
       Chunk             |       |     4 |     2 ||     6
Armor: Animal skin       |    24 |       |       ||    24
       Leather armour    |     7 |     6 |       ||    13
       Ring mail         |       |    27 |     1 ||    28
Dodge: Dodged            |    55 |    53 |     7 ||   115
Block: Buckler           |       |     1 |     5 ||     6
